Map: Divergence LE

Players

Скалиостро

  • Race: Zerg Zerg
  • League: Diamond
  • Spawn Location: 5:00

Warchild

  • Race: Protoss Protoss
  • Spawn Location: 5:00

Massa

  • Race: Terran Terran
  • League: Gold
  • Spawn Location: 11:00

qqq

  • Race: Zerg Zerg
  • League: Platinum
  • Spawn Location: 11:00

VOD

Have the link to the VOD?

Description

Time

  • Played on: July 26, 2020, 8:42 a.m.
  • Length: 19:17
Show
View Real Time Build Order
Export as new Build Order

Скалиостро Zerg 

Build Orders: Hatch First, Lurkers 

Get SALT Encoding   

  12  0:01  Drone  
  13  0:09  Drone  
  14  0:16  Overlord  
  14  0:35  Drone x3  
  17  0:55  Hatchery  
  16  0:59  Drone x2  
  16  1:03  Extractor  
  17  1:11  Drone  
  18  1:19  Spawning Pool  
  18  1:22  Drone  
  18  1:30  Drone  
  19  1:40  Overlord  
  19  1:51  Drone  
  20  2:05  Zergling x2  
  20  2:07  Queen  
  23  2:09  Queen  
  23  2:10  Drone  
  23  2:12  Zergling x2  
  23  2:15  Metabolic Boost  
  27  2:19  Zergling x2  
  28  2:25  Spine Crawler, Zergling x2  
  28  2:37  Zergling x2  
  28  2:38  Zergling x2  
  28  2:42  Drone  
  31  2:48  Drone, Baneling Nest  
  31  2:55  Queen  
  31  2:57  Drone  
  34  3:00  Drone  
  34  3:04  Drone  
  36  3:09  Overlord  
  36  3:32  Zergling x14  
  43  3:52  Hatchery  
  43  3:53  Lair  
  42  3:57  Drone  
  42  3:58  Drone  
  44  4:03  Pneumatized Carapace  
  44  4:17  Overlord  
  44  4:39  Baneling x4  
  44  4:40  Baneling  
  44  4:43  Zergling x14  
  44  4:44  Zergling x2  
  52  4:45  Overlord  
  52  4:46  Overlord  
  52  4:56  Baneling x2  
  52  5:04  Drone x2, Extractor, Overlord x2  
  52  5:05  Extractor  
  52  5:17  Drone x3  
  55  5:26  Extractor  
  55  5:28  Drone x4  
  56  5:29  Drone  
  59  5:38  Drone, Baneling x5  
  59  5:39  Drone x2  
  62  5:51  Drone x5  
  62  5:52  Drone  
  62  5:53  Drone  
  69  5:59  Spine Crawler  
  69  6:01  Overseer  
  68  6:12  Drone x3  
  68  6:13  Drone x2  
  68  6:15  Drone x3  
  68  6:16  Drone x2  
  78  6:20  Extractor  
  77  6:32  Nydus Network  
  76  6:38  Drone x3  
  76  6:39  Drone  
  80  6:43  Spore Crawler  
  80  6:45  Extractor  
  78  6:53  Hydralisk Den  
  77  7:03  Drone x4  
  77  7:04  Evolution Chamber  
  77  7:06  Evolution Chamber  
  77  7:08  Overlord x4  
  79  7:22  Hydralisk  
  81  7:26  Grooved Spines  
  81  7:29  Hydralisk x4  
  83  7:30  Hydralisk x2  
  93  7:55  Lurker Den  
  93  7:58  Drone x5  
  95  7:59  Drone  
  95  8:04  Hydralisk x7  
  95  8:05  Hydralisk  
  114  8:21  Overlord x5  
  114  8:27  Zerg Missile Weapons Level 1, Zerg Ground Armor Level 1  
  114  8:38  Muscular Augments  
  114  8:42  Nydus Canal  
  114  8:45  Hydralisk  
  114  8:46  Hydralisk x5  
  123  9:16  Hydralisk  
  123  9:17  Hydralisk x9  
  113  9:27  Nydus Canal  
  113  9:29  Hydralisk x2  
  117  9:36  Burrow  
  117  9:40  Zergling x2  
  117  9:41  Zergling x14  
  125  9:52  Overlord x2  
  125  9:53  Overlord x2  
  125  10:01  Lurker x2  
  125  10:02  Lurker x2  
  129  10:13  Hydralisk  
  129  10:14  Hydralisk x3  
  129  10:21  Hatchery  
  136  10:33  Hydralisk  
  136  10:34  Hydralisk x5  
  104  10:58  Hydralisk  
  104  10:59  Hydralisk x7  
  107  11:07  Lurker  
  106  11:15  Zergling x14  
  113  11:25  Drone x3  
  116  11:37  Hydralisk x7  
  128  11:40  Lurker  
  128  11:41  Lurker  
  129  11:49  Hydralisk x2  
  129  11:50  Hydralisk  
  131  12:03  Hydralisk x3  
  131  12:04  Hydralisk  
  136  12:13  Lurker  
  135  12:17  Drone x4  
  135  12:18  Drone x6  
  145  12:23  Extractor x2  
  143  12:43  Zergling x2  
  140  12:44  Zergling x14  
  144  12:56  Hydralisk x2  
  144  12:57  Hydralisk x2  
  152  13:02  Lurker x6  
  158  13:09  Infestation Pit  
  157  13:28  Drone x4  
  157  13:29  Drone x4  
  157  13:30  Queen  
  167  13:36  Nydus Canal  
  167  13:51  Overlord x3  
  167  13:54  Hydralisk x4  
  175  14:01  Nydus Canal  
  175  14:03  Overseer  
  175  14:31  Lurker x5  
  179  14:35  Hive  
  180  14:49  Lurker  
  180  14:50  Lurker x6  
  180  14:51  Lurker x2  
  174  15:10  Hydralisk x6  
  180  15:46  Hydralisk  
  180  15:47  Zergling x2  
  180  15:48  Zergling x2  
  184  15:53  Hatchery  
  184  15:56  Hatchery  
  150  16:12  Adaptive Talons  
  150  16:14  Zerg Missile Weapons Level 2  
  150  16:15  Zerg Ground Armor Level 2  
  150  16:18  Overlord x3  
  150  16:19  Overlord x2  
  147  16:26  Hydralisk x4  
  147  16:27  Hydralisk x12  
  154  16:56  Hydralisk  
  154  16:57  Zergling x2  
  154  16:58  Zergling x38  
  161  17:02  Drone  
  161  17:07  Drone  
  158  17:09  Seismic Spines, Zergling x6  
  158  17:10  Zergling x6  
  161  17:22  Zergling x2  
  162  17:23  Zergling x16  
  170  17:36  Lurker  
  172  17:37  Lurker x7  
  172  17:38  Lurker x4  
  172  17:39  Zergling x2  
  172  17:40  Zergling x10  
  188  17:56  Zergling x2  
  188  17:57  Zergling x22  
  200  18:18  Extractor  
  198  18:22  Extractor  
  198  18:27  Extractor  
  196  18:30  Extractor  
Show
View Real Time Build Order
Export as new Build Order

Warchild Protoss 

Build Orders:  

Get SALT Encoding   

  1  0:00  Probe  
  12  0:05  Probe  
  14  0:15  Probe  
  15  0:24  Pylon  
  15  0:42  Probe  
  16  0:43  Gateway  
  16  0:54  Probe  
  17  1:05  Forge  
  17  1:06  Probe  
  17  1:08  Pylon  
  18  1:22  Probe  
  18  1:25  Pylon  
  18  1:30  Probe  
  18  1:31  Assimilator  
  20  1:51  Cybernetics Core  
  20  2:13  Probe  
  21  2:16  Photon Cannon  
  21  2:17  Zealot  
  21  2:18  Photon Cannon  
  21  2:21  Probe  
  23  2:27  Pylon  
  24  2:32  Photon Cannon  
  24  2:48  Pylon  
  23  3:00  Adept  
  23  3:02  Warp Gate  
  25  3:07  Assimilator  
  25  3:15  Robotics Facility  
  25  3:19  Gateway  
  25  3:21  Probe  
  25  3:22  Gateway  
  25  3:23  Pylon  
  26  3:33  Probe  
  27  4:03  Immortal  
  31  4:13  Nexus  
  31  4:17  Probe  
  31  4:22  Pylon  
  32  4:29  Probe  
  32  4:31  Protoss Ground Armor Level 1  
  33  4:41  Probe, Twilight Council  
  34  5:02  Charge  
  34  5:03  Probe  
  34  5:06  Photon Cannon  
  35  5:09  Photon Cannon  
  35  5:15  Probe  
  35  5:21  Robotics Bay  
  36  5:26  Probe  
  36  5:27  Probe  
  38  5:38  Probe  
  38  5:39  Probe  
  40  5:45  Zealot  
  40  5:48  Zealot  
  44  5:50  Probe  
  44  5:55  Zealot  
  47  5:58  Extended Thermal Lance  
  47  6:06  Probe x2  
  49  6:13  Colossus  
  49  6:18  Probe  
  50  6:19  Assimilator  
  50  6:22  Assimilator  
  56  6:26  Zealot  
  56  6:27  Zealot  
  56  6:29  Probe  
  61  6:45  Nexus  
  61  6:49  Probe  
  61  6:50  Probe  
  61  6:52  Zealot  
  65  6:57  Pylon  
  61  7:02  Probe  
  61  7:03  Zealot  
  62  7:17  Pylon  
  62  7:21  Stalker  
  64  7:32  Stalker x2  
  68  7:46  Probe x2  
  70  7:52  Protoss Ground Weapons Level 1  
  70  7:58  Probe  
  70  7:59  Probe, Gateway  
  72  8:20  Templar Archives  
  72  8:24  Probe x3  
  75  8:36  Probe  
  75  8:38  Probe x2  
  78  8:45  Photon Cannon  
  78  8:46  Psionic Storm  
  79  8:48  Probe  
  79  8:49  Photon Cannon  
  79  8:50  Probe x2  
  79  8:53  Shield Battery  
  81  9:09  Probe x2  
  83  9:13  Assimilator  
  83  9:15  Zealot  
  83  9:16  Zealot x3, Assimilator  
  91  9:24  Pylon  
  91  9:29  Pylon  
  91  9:38  High Templar x4  
  95  9:40  Protoss Ground Armor Level 2  
  99  9:46  Gateway  
  99  9:48  Gateway  
  99  9:51  Gateway  
  99  9:53  Gateway  
  99  9:57  Colossus, Forge  
  105  10:16  Stalker x3  
  105  10:17  Robotics Facility  
  111  10:29  Probe x3  
  114  10:50  Stargate  
  114  10:52  Stargate  
  88  11:18  Zealot x2  
  88  11:19  Zealot x5  
  88  11:20  Zealot  
  88  11:21  Colossus x2, Protoss Ground Weapons Level 2  
  108  12:09  Protoss Shields Level 1  
  102  12:24  Stalker x2  
  102  12:25  Stalker x6  
  110  12:31  Colossus  
  114  12:50  High Templar  
  116  12:52  Colossus  
  112  13:00  Pylon  
  112  13:03  Pylon  
  112  13:05  Pylon  
  84  13:26  High Templar x3  
  84  13:27  High Templar x4  
  88  13:28  Zealot  
  102  13:47  Void Ray x2  
  96  13:59  Protoss Ground Weapons Level 3  
  96  14:00  Zealot x3  
  96  14:01  Zealot x4  
  96  14:02  Zealot  
  120  14:12  Protoss Ground Armor Level 3  
  120  14:23  Zealot x4  
  120  14:24  Zealot x4  
  136  14:34  Void Ray  
  140  14:55  Pylon  
  140  14:57  Pylon  
  140  15:01  Pylon  
  140  15:03  Pylon  
  140  15:06  Pylon  
  140  15:08  Void Ray  
  94  15:38  Zealot x5  
  94  15:39  Zealot x3  
  102  15:44  Nexus  
  102  15:47  Pylon  
  100  15:50  Pylon  
  100  15:52  Assimilator  
  100  15:57  Assimilator  
  100  16:00  Pylon  
  84  16:24  Void Ray x2  
  66  16:53  Fleet Beacon  
  66  16:57  Void Ray x2  
  66  17:02  Stargate, Zealot x6  
  66  17:03  Stargate, Zealot x2  
  86  17:27  Flux Vanes  
  84  17:39  Void Ray  
  84  17:43  Void Ray  
  92  17:47  Void Ray  
  92  17:48  Void Ray  
  100  18:19  Zealot x3  
  106  18:20  Zealot  
  106  18:22  Void Ray  
  106  18:25  Void Ray  
  116  18:30  Void Ray  
  120  18:35  High Templar  
  120  18:36  High Templar x3  
  120  18:39  Shield Battery  
  120  18:40  Shield Battery  
  128  18:43  Archon x2  
  128  18:48  High Templar x3  
  130  18:49  High Templar  
Show
View Real Time Build Order
Export as new Build Order

Massa Terran 

Build Orders: Reaper Expand 

Get SALT Encoding   

  12  0:02  SCV  
  13  0:14  SCV  
  13  0:19  Supply Depot  
  14  0:26  SCV  
  15  0:40  SCV  
  15  0:41  Barracks  
  16  0:48  Refinery  
  16  0:52  SCV  
  17  1:04  SCV  
  18  1:17  SCV  
  19  1:36  Orbital Command  
  19  1:42  Supply Depot  
  19  1:47  Refinery  
  19  2:07  Reaper  
  20  2:14  Command Center  
  20  2:21  Barracks  
  20  2:32  Factory  
  19  2:52  SCV  
  20  3:04  SCV  
  20  3:05  Supply Depot  
  21  3:08  Supply Depot  
  21  3:10  Engineering Bay  
  21  3:16  SCV  
  22  3:36  Barracks Tech Lab, Marine  
  23  3:46  Terran Infantry Weapons Level 1  
  23  3:54  Marine  
  23  3:55  Factory Tech Lab  
  23  3:58  Stimpack  
  23  4:01  Starport  
  23  4:06  Marauder  
  25  4:12  Marine  
  26  4:27  Marauder  
  26  4:30  Siege Tank  
  31  4:34  Marine  
  32  4:49  Marauder  
  32  4:51  Marine  
  35  5:09  Marine  
  35  5:10  Marauder  
  38  5:17  SCV  
  39  5:25  Medivac  
  39  5:27  Marine  
  42  5:29  SCV  
  42  5:32  Marauder  
  45  5:37  Combat Shield  
  45  5:41  SCV  
  46  5:44  SCV  
  46  5:45  Marine  
  48  5:53  SCV, Marauder  
  48  5:56  SCV  
  52  5:59  Medivac  
  52  6:02  Engineering Bay  
  54  6:05  SCV  
  54  6:08  SCV  
  56  6:13  Barracks  
  56  6:14  Marauder  
  56  6:17  SCV  
  59  6:36  Marauder  
  61  6:48  Barracks Tech Lab  
  61  7:04  Supply Depot  
  61  7:07  Armory, Supply Depot x2  
  61  7:08  Supply Depot  
  61  7:09  Supply Depot  
  61  7:11  Supply Depot  
  61  7:13  Supply Depot  
  61  7:26  Marauder  
  63  7:32  Supply Depot  
  63  7:48  Marauder  
  63  7:49  Marauder, Marine  
  68  8:07  Marine  
  68  8:09  Marauder  
  68  8:10  Marauder  
  73  8:17  Siege Tank  
  76  8:22  Planetary Fortress  
  76  8:25  Marine  
  77  8:30  Marauder  
  77  8:31  Marauder  
  77  8:33  Command Center, Concussive Shells  
  81  8:41  Missile Turret  
  81  8:43  Marine  
  82  8:52  Marauder  
  82  8:53  Marauder  
  86  9:00  Marine  
  86  9:13  Marauder  
  86  9:14  Marauder  
  88  9:18  Marine  
  88  9:34  Marauder  
  88  9:36  Marauder  
  92  9:49  Command Center  
  92  9:56  Sensor Tower  
  92  10:02  Marauder x2  
  92  10:03  Marine  
  92  10:05  SCV  
  92  10:06  SCV  
  99  10:11  Refinery  
  99  10:17  SCV  
  99  10:18  SCV  
  101  10:21  Marine  
  101  10:23  Marauder  
  101  10:24  Marauder  
  106  10:29  SCV  
  106  10:30  SCV  
  106  10:32  Missile Turret  
  108  10:39  Marine  
  108  10:40  Starport Tech Lab  
  108  10:41  SCV  
  108  10:42  SCV, Terran Infantry Weapons Level 2  
  111  10:45  Marauder x2  
  115  10:57  Marine  
  74  11:06  Marauder x2  
  51  11:14  Marine  
  51  11:15  Thor  
  58  11:21  Orbital Command  
  58  11:23  SCV x2  
  60  11:28  Marauder x2  
  60  11:32  Marine  
  64  11:35  SCV x2  
  67  11:47  SCV x2, Medivac  
  67  11:49  Marauder x2  
  67  11:50  Marine  
  74  11:59  SCV x2  
  70  12:10  Marauder x2  
  70  12:11  SCV  
  68  12:17  Barracks Reactor, Medivac  
  70  12:26  Barracks  
  70  12:30  Barracks  
  70  12:32  Marauder x2  
  70  12:35  Supply Depot  
  74  12:45  Factory  
  74  12:53  Marauder x2  
  78  12:59  Supply Depot  
  68  13:14  Marauder, Marine x2  
  68  13:15  Marauder  
  66  13:22  Supply Depot  
  66  13:23  Thor  
  68  13:29  Factory Tech Lab  
  68  13:32  Marine x2  
  68  13:34  Refinery  
  70  13:35  Refinery  
  70  13:36  Marauder x2  
  74  13:48  Barracks Reactor  
  74  13:49  Barracks Tech Lab  
  74  13:50  Marine x2  
  76  13:57  Marauder x2  
  76  13:58  Thor  
  76  14:00  Bunker  
  86  14:06  Thor  
  86  14:07  Refinery  
  86  14:08  Marine x2  
  94  14:13  Medivac  
  94  14:15  Command Center  
  96  14:19  Marauder x2  
  100  14:38  Marauder, Marine x4  
  103  14:40  Marauder x2  
  103  14:43  Viking  
  112  14:55  Marine  
  112  14:56  Marine x3  
  112  14:59  Marauder  
  118  15:01  Marauder  
  118  15:02  Marauder  
  91  15:15  Marine x3  
  91  15:16  Marine  
  91  15:20  Marauder  
  68  15:23  Marauder x2  
  71  15:32  Marine  
  71  15:33  Marine x3  
  67  15:42  Marauder  
  66  15:44  Marauder x2  
  52  15:53  Marine  
  52  15:54  Marine x2  
  53  15:57  SCV  
  53  16:03  Marauder  
  44  16:06  Marauder x2  
  43  16:22  Marine x3  
  43  16:23  Marine  
  43  16:25  Marauder  
  44  16:27  Marauder x2  
  44  16:46  Marauder  
  46  16:48  Marauder x2  
  49  16:55  Orbital Command  
  38  17:07  Marauder  
  40  17:10  Marauder x2  
  44  17:29  Marauder  
  47  17:31  Marauder x2  
  47  17:36  Command Center  
  50  17:50  Factory Tech Lab  
  50  17:54  Widow Mine  
  52  18:15  Widow Mine  
  54  18:36  Widow Mine  
Show
View Real Time Build Order
Export as new Build Order

qqq Zerg 

Build Orders: Hatch First 

Get SALT Encoding   

  12  0:06  Drone  
  13  0:08  Drone  
  14  0:39  Hatchery  
  13  0:44  Drone  
  14  0:57  Spawning Pool  
  14  1:02  Overlord  
  13  1:07  Drone  
  14  1:36  Drone x3  
  14  1:39  Extractor  
  16  1:44  Queen  
  18  1:48  Zergling x2  
  18  1:51  Drone  
  20  2:01  Drone  
  20  2:06  Drone  
  22  2:09  Queen  
  22  2:11  Drone  
  25  2:22  Drone  
  26  2:25  Drone x2  
  28  2:38  Overlord  
  28  2:43  Overlord  
  28  2:49  Metabolic Boost  
  28  2:56  Overlord x3  
  28  3:01  Drone x2  
  30  3:07  Drone  
  30  3:11  Zergling x4  
  33  3:13  Drone  
  34  3:21  Drone  
  34  3:24  Roach Warren  
  34  3:25  Drone  
  35  3:38  Drone x2  
  35  3:39  Drone x2  
  39  3:53  Drone x4  
  43  3:55  Extractor  
  43  3:58  Drone  
  43  4:04  Drone  
  44  4:12  Roach  
  44  4:13  Roach x3  
  44  4:14  Drone x2  
  54  4:24  Hatchery  
  53  4:30  Zergling x2  
  55  4:31  Zergling x6  
  55  4:35  Spine Crawler  
  55  4:36  Spine Crawler  
  55  4:38  Drone, Spine Crawler  
  54  4:39  Drone, Spine Crawler  
  55  4:55  Drone x3  
  55  4:57  Overlord x2, Roach  
  60  5:16  Roach x2  
  60  5:17  Lair  
  60  5:18  Overlord  
  60  5:19  Drone  
  60  5:20  Drone  
  66  5:40  Extractor  
  66  5:41  Extractor  
  66  5:42  Drone x2  
  66  5:43  Roach x3  
  66  5:45  Ravager x5  
  66  5:47  Drone x2  
  79  5:55  Zergling x2  
  80  6:13  Hatchery  
  79  6:18  Pneumatized Carapace  
  79  6:23  Drone x2  
  79  6:24  Drone x3, Hatchery  
  83  6:39  Roach x3  
  89  6:40  Hydralisk Den  
  89  6:41  Overseer  
  88  6:59  Roach  
  88  7:00  Overlord  
  88  7:01  Overlord x5  
  90  7:14  Spore Crawler  
  89  7:16  Spine Crawler  
  89  7:17  Overlord x3  
  88  7:24  Infestation Pit  
  88  7:25  Glial Reconstitution  
  88  7:26  Drone, Evolution Chamber  
  88  7:27  Evolution Chamber  
  86  7:37  Spire  
  86  7:39  Drone  
  86  7:40  Drone x5  
  86  7:42  Roach x3  
  97  7:53  Drone  
  97  7:56  Spine Crawler  
  97  7:58  Spine Crawler  
  96  7:59  Spore Crawler  
  96  8:00  Drone x2, Spine Crawler  
  96  8:04  Hydralisk x3  
  102  8:06  Roach  
  102  8:09  Drone  
  102  8:10  Drone x3  
  102  8:11  Drone  
  110  8:34  Drone x5  
  110  8:35  Drone x2, Spore Crawler  
  110  8:37  Spine Crawler  
  114  8:42  Roach x2  
  114  8:44  Roach x3  
  114  8:45  Roach  
  114  8:48  Zerg Melee Weapons Level 1  
  125  9:10  Grooved Spines  
  125  9:13  Mutalisk x4  
  125  9:16  Drone x7  
  125  9:17  Drone x2, Lurker Den  
  119  9:54  Zerg Flyer Weapons Level 1  
  119  9:55  Mutalisk x3  
  119  9:57  Hatchery, Hydralisk x2  
  119  9:58  Drone  
  119  9:59  Drone x6, Zergling x2  
  137  10:00  Zergling x4  
  138  10:10  Spine Crawler  
  138  10:13  Spine Crawler x2  
  135  10:16  Spine Crawler  
  135  10:17  Spore Crawler  
  133  10:21  Muscular Augments  
  133  10:28  Drone x5  
  136  10:29  Drone  
  89  11:10  Roach  
  89  11:11  Roach x5  
  101  11:12  Drone x5  
  101  11:13  Drone x4  
  101  11:18  Extractor  
  109  11:20  Hive  
  109  11:21  Zerg Ground Armor Level 1  
  109  11:22  Zerg Melee Weapons Level 2  
  109  11:25  Drone x2  
  109  11:26  Drone  
  109  11:29  Spine Crawler  
  109  11:31  Spine Crawler  
  106  11:34  Zergling x10  
  106  11:35  Zergling x4  
  108  11:44  Spine Crawler x3  
  108  11:46  Spine Crawler  
  97  11:47  Spine Crawler  
  97  11:50  Spine Crawler x2  
  97  11:52  Spine Crawler x2  
  97  11:54  Drone, Spine Crawler  
  71  11:55  Spore Crawler, Roach x4  
  71  11:57  Spine Crawler  
  71  11:58  Spine Crawler  
  73  12:18  Drone x6  
  75  12:28  Hatchery  
  72  12:36  Spore Crawler  
  69  12:37  Drone x2  
  71  12:48  Roach x2  
  71  12:50  Corruptor x4  
  54  13:06  Roach  
  54  13:07  Roach  
  54  13:08  Drone x3  
  61  13:15  Hatchery  
  61  13:17  Ultralisk Cavern  
  61  13:18  Hatchery  
  61  13:19  Corruptor x2  
  62  13:28  Drone  
  63  13:54  Corruptor x3  
  69  13:57  Greater Spire  
  69  14:01  Zerg Ground Armor Level 2  
  69  14:02  Corruptor  
  69  14:06  Anabolic Synthesis  
  71  14:15  Hydralisk x2  
  74  14:33  Corruptor x2  
  78  14:43  Drone x3  
  81  14:49  Chitinous Plating  
  81  14:51  Extractor  
  81  14:52  Extractor  
  66  15:31  Brood Lord x3  
  66  15:32  Brood Lord  
  66  15:34  Zergling x12  
  66  15:35  Zergling x12  
  85  15:36  Drone  
  85  15:37  Drone x2  
  85  15:40  Brood Lord  
  56  16:35  Corruptor x2  
  56  16:36  Corruptor x3  
  56  16:37  Zergling x8  
  56  16:39  Drone x3  
  71  16:43  Overseer  
  61  17:01  Drone x2  
  63  17:05  Brood Lord  
  63  17:07  Corruptor  
  64  17:38  Hatchery  
  63  17:50  Brood Lord x2  
  67  17:58  Hatchery  
  67  18:00  Hatchery  
  66  18:33  Brood Lord x2  
  70  18:47  Zergling x12  
  70  18:48  Drone, Zergling x6  
  79  18:49  Drone x2  
Tags
 
Add a new tag
Caveats
  • Supply blocks, unpowered buildings, or Contaminate may cause inaccurate times.
  • Supply counts are checked every 10 seconds.